 Dungeon Crawl Stone Soup version 0.32-a0-120-gfac0567ad4 (webtiles) character file.

Game seed: 10263217708255460210

123 Ceno the Digger (level 5, 0/24 HPs)
             Began as a Vine Stalker Earth Elementalist on Feb 7, 2024.
             Succumbed to Sigmund's poison
             ... on level 3 of the Dungeon.
             The game lasted 00:07:08 (2310 turns).

Ceno the Digger (Vine Stalker Earth Elementalist)   Turns: 2310, Time: 00:07:08

Health: 0/24       AC:  4    Str: 16 (17) XL:     5   Next: 7%
Magic:  3/10       EV: 11    Int: 13 (15) God:
Gold:   112        SH:  0    Dex: 14 (16) Spells: 3/10 levels left

rFire   . . .        a - +2 dagger (venom)
rCold   . . .        (no shield)
rNeg    . . .        j - +0 leather armour
rPois   .            (no helmet)
rElec   .            f - +0 cloak
rCorr   .            (no gloves)
SInv    .            (no boots)
Will    .....        (no amulet)
Stlth   ++           q - +6 ring of strength
HPRegen 1.04/turn    (no ring)
MPRegen 0.12/turn

%: guardian spirit
@: lethally poisoned (0 -> -27)
A: fangs 2, regeneration 1, magic shield, antimagic bite, no potion heal 2
a: no special abilities


You were on level 3 of the Dungeon.
You visited 1 branch of the dungeon, and saw 3 of its levels.

You collected 112 gold pieces.

Inventory:

Hand Weapons
 a - a +2 dagger of venom (weapon)
 b - a +0 rapier
 e - a +0 dagger
Missiles
 h - 19 stones (quivered)
 p - 6 poisoned darts
Armour
 f - a +0 cloak (worn)
 j - a +0 leather armour (worn)
 r - a +3 ring mail
Jewellery
 q - a +6 ring of strength (left hand)
Scrolls
 d - 4 scrolls of teleportation {unknown}
 g - a scroll of amnesia {unknown}
 i - a scroll of fog {unknown}
 k - a scroll of enchant armour {unknown}
 l - a scroll of brand weapon {unknown}
 m - a scroll of immolation {unknown}
 n - a scroll of blinking {unknown}
 o - 2 scrolls of identify {unknown}
Potions
 c - a potion of magic


   Skills:
 + Level 1.4 Short Blades
 - Level 1.5 Dodging
 + Level 3.6 Stealth
 + Level 3.0 Spellcasting
 - Level 1.0 Conjurations
 * Level 4.2 Earth Magic


You had 3 spell levels left.
You knew the following spells:

 Your Spells              Type           Power      Damage    Failure   Level
a - Sandblast             Erth           24%        2d8       4%          1
b - Passwall              Erth           12%        N/A       16%         3
c - Stone Arrow           Conj/Erth      16%        3d8       28%         3

Your spell library contained the following spells:

 Spells                   Type           Power      Damage    Failure   Level
 Brom's Barrelling Bould  Conj/Erth      8%         2d3       67%         4
 Petrify                  Alch/Erth      7%         N/A       75%         4


Dungeon Overview and Level Annotations

Branches:
Dungeon (3/15)

Altars:
Dithmenos
Yredelemnul

Annotations:
D:3 Sigmund


Innate Abilities, Weirdness & Mutations

You have extremely sharp teeth.
Your natural rate of healing is unusually fast.
When hurt, damage is shared between your health and your magic reserves.
Your bite disrupts and absorbs the magic of your enemies.
Potions cannot restore your health.


Message History

You kill the adder!
You have reached level 5!
You closely miss the jackal. The jackal barely misses you.
You hit the jackal.
The jackal is poisoned.
Your bite misses the jackal.
The jackal is almost dead.
You kill the jackal!
You start resting.
Sigmund is nearby!
You see here a frilled lizard corpse.
Sigmund giggles. "Time to reap what you sow."
Sigmund barely misses you.
A hobgoblin comes into view.
Things that are here:
a +0 ring mail; a rat corpse The hobgoblin shouts!
You hit Sigmund. You bite Sigmund.
Sigmund's magic leaks into the air.
You drain his magic.
You feel invigorated.
Sigmund is moderately wounded.
You closely miss Sigmund.
Sigmund is moderately wounded.
Sigmund closely misses you.
You closely miss Sigmund. You bite Sigmund, but do no damage.
Sigmund is moderately wounded.
You barely miss Sigmund. You punch Sigmund, but do no damage.
Sigmund is moderately wounded.
Sigmund hits you with a +0 scythe of venom!
You are poisoned.
The hobgoblin barely misses you.
You hit the hobgoblin.
The hobgoblin is poisoned.
You bite the hobgoblin, but do no damage.
The hobgoblin is heavily wounded.
You feel very sick. The hobgoblin hits you.
Sigmund hits you with a +0 scythe of venom!
* * * LOW HITPOINT WARNING * * *
You are more poisoned.
It was a potion of degeneration.
There was something very wrong with that liquid.
You feel weakened.
You feel dopey.
You feel clumsy.
You die...

.## ..# #..
#.# #.#
####### #.#
#...).###.#
#......#@g##.#
.S####.#.@...#
S.###†### #@.
#..#
#.#####§##
#.#..#§§.#
..#.#§#.#§###
##.#
#†§§§_.§§.#
#..
###§#.#.#.#
##.. ##§§.#..#


You could see Sigmund (magic disrupted) and a hobgoblin (very poisoned).

Vanquished Creatures
  A bombardier beetle (D:3)
  3 adders
  A white imp (D:3)
  A ribbon worm (D:2)
  An orc (D:3)
  3 endoplasms
  6 giant cockroaches
  8 goblins
  4 hobgoblins
  A jackal (D:3)
  2 quokkas
  4 ball pythons
  6 bats
  7 frilled lizards
  A kobold (D:2)
  4 rats
53 creatures vanquished.

Notes
Turn   | Place    | Note
-------+----------+-------------------------------------------
     0 | D:1      | Ceno the Vine Stalker Earth Elementalist began the quest
                  | for the Orb.
     0 | D:1      | Reached XP level 1. HP: 9/9 MP: 4/4
   244 | D:1      | Reached XP level 2. HP: 13/13 MP: 6/6
   929 | D:2      | Reached XP level 3. HP: 16/16 MP: 7/7
   933 | D:2      | Learned a level 3 spell: Passwall
   937 | D:2      | Learned a level 3 spell: Stone Arrow
  1695 | D:2      | Reached skill level 1 in Short Blades
  1696 | D:2      | Reached XP level 4. HP: 21/21 MP: 1/9
  2095 | D:3      | Reached skill level 4 in Earth Magic
  2161 | D:3      | Found a basalt altar of Yredelemnul.
  2253 | D:3      | Found a shadowy altar of Dithmenos.
  2273 | D:3      | Noticed Sigmund
  2296 | D:3      | Reached XP level 5. HP: 24/24 MP: 8/10
  2310 | D:3      | Succumbed to Sigmund's poison

Illustrated notes

Levels and vault maps discovered:
D:1:      erik_arrival_cave_to_civilisation [erik_arrival_cave_to_hall],
          layout_basic
D:2:      layout_basic, kennysheep_generic_room_13
D:3:      minmay_evil_eye, layout_loops_ring, lemuel_tele_altar,
          grunt_dithmenos_smoke_and_mirrors, uniq_crazy_yiuf_cottage,
          uniq_robin, uniq_sigmund

Skill      XL: |  1  2  3  4 |
---------------+-------------+-----
Stealth        | 3 |  3.6
Short Blades   | 1 |  1.4
Spellcasting   | 3 |  3.0
Earth Magic    | 4 |  4.2
Dodging        | |  1.5
Conjurations   | |  1.0

Action                     |  1- 3 |  4- 6 || total
---------------------------+-------+-------++-------
  Melee: Dagger            |    40 |    25 ||    65
         Bite              |     7 |     6 ||    13
         Unarmed           |     1 |       ||     1
         Punch             |       |     1 ||     1
  Throw: Stone             |     1 |       ||     1
   Cast: Sandblast         |    27 |     4 ||    31
         Passwall          |     2 |     1 ||     3
    Use: Potion            |       |     1 ||     1
   Stab: Sleeping          |     5 |     5 ||    10
 Armour: Robe              |     5 |       ||     5
         Leather armour    |    18 |     8 ||    26
  Dodge: Dodged            |    23 |    11 ||    34

Table legend: (Time is in decaauts)
 A = Elapsed time spent in this place.
 B = Non-inter-level travel time spent in this place.
 C = Inter-level travel time spent in this place.
 D = Time resting spent in this place.
 E = Time spent auto-exploring this place.
 F = Levels seen in this place.
 G = Mean time per level.
                   A        B        C        D        E       F      G
               +--------+--------+--------+--------+--------+-----+--------+
         Total |   2320 |   2297 |     23 |      9 |   1742 |   3 |  773.3 |
       Dungeon |   2320 |   2297 |     23 |      9 |   1742 |   3 |  773.3 |
               +--------+--------+--------+--------+--------+-----+--------+

Top non-repeatable levels by time:
     D:2: 1117 daAuts
     D:1: 866 daAuts
     D:3: 336 daAuts
